[Event "Titled Tuesday Blitz February 21 Late 2023"]
[White "Defend, Balint"]
[Black "Mekhitarian, Krikor Sevag"]
[WhiteFideId "17004853"]
[BlackFideId "2107660"]
[WhiteElo "1673"]
[BlackElo "2537"]
[Result "1/2-1/2"]
[Round "06"]
[TimeControl "180+2"]
[Date "2023.02.21"]
[WhiteClock "0:00:30"]
[BlackClock "0:00:34"]

1. e4 c5 2. Nf3 e6 3. c3 Nf6 4. e5 Nd5 5. d4 cxd4 6. cxd4 d6 7. Bc4 Be7 8. Qe2 O-O 9. O-O Nc6 10. Rd1 b6 11. a3 Bb7 12. Nbd2 Na5 13. Ba2 Nf4 14. Qe3 dxe5 15. dxe5 g5 16. b4 Nc6 17. Bb2 Qd3 18. Ne4 Qxe3 19. fxe3 Nd5 20. Nf6+ Bxf6 21. exf6 h6 22. e4 Nf4 23. h4 g4 24. Nh2 h5 25. g3 Ng6 26. Nf1 Nce5 27. Bb1 Rfd8 28. Bc2 Nf3+ 29. Kf2 Nge5 30. Ne3 Rac8 31. Rxd8+ Rxd8 32. Rd1 Rxd1 33. Nxd1 Nc4 34. Bc1 Nd4 35. Bd3 Ne5 36. Ke3 Nxd3 37. Kxd3 Nb5 38. e5 Kh7 39. Nc3 Nc7 40. Ke3 Kg6 41. Kf4 a5 42. b5 Nd5+ 43. Nxd5 Bxd5 44. Be3 Bc4 45. a4 Bb3 46. Bxb6 Bxa4 47. Bxa5 Bxb5 48. Bc7 Bc6 49. Bb6 Bd5 50. Be3 Bf3 51. Bc1 Bd5 52. Ke3 Bf3 53. Kd4 Bd5 54. Kc5 Bf3 55. Kd6 Bd5 56. Kd7 Bf3 57. Ke8 Bd5 58. Kf8 Bf3 59. Kg8 Bd5 60. Kh8 Bf3 61. Kg8 Bd5 62. Ba3 Bf3 63. Bb4 Bd5 64. Bd2 Bf3 65. Bg5 Bd5 66. Kf8 Bf3 67. Ke7 Bd5 68. Kd6 Bf3 69. Bf4 Bd5 70. Kc5 Bf3 71. Kd4 Bd5 72. Ke3 Bf3 73. Bg5 Bd5 74. Bf4 Bf3 75. Bg5 Bd5 76. Bf4 1/2-1/2


[Site "https://www.chess.com"]

[Event "Titled Tuesday Blitz February 21 Late 2023"]
[White "Fieberg, Samuel"]
[Black "Gorshtein, Ido"]
[WhiteFideId "12901717"]
[BlackFideId "2815532"]
[WhiteElo "2157"]
[BlackElo "2514"]
[Result "0-1"]
[Round "06"]
[TimeControl "180+2"]
[Date "2023.02.21"]
[WhiteClock "0:00:15"]
[BlackClock "0:00:11"]

1. c4 b6 2. d4 Bb7 3. Nc3 e6 4. a3 f5 5. d5 Nf6 6. Nf3 Bd6 7. Nb5 O-O 8. Nxd6 cxd6 9. Bg5 b5 10. e3 h6 11. Bxf6 Qxf6 12. dxe6 dxe6 13. Qxd6 Bxf3 14. gxf3 Qxb2 15. Qd4 Qxd4 16. exd4 Nc6 17. O-O-O Rfd8 18. d5 Ne5 19. cxb5 Rac8+ 20. Kb2 exd5 21. f4 Ng4 22. Rd2 d4 23. Bd3 Rc5 24. h3 Nf6 25. Re1 Kf7 26. Kb3 Rc3+ 27. Kb2 g6 28. Re5 Nd5 29. Bxf5 gxf5 30. Rxd4 Rc5 31. Rxf5+ Kg6 32. Re5 Rxb5+ 33. Ka1 Nc3 34. Rxb5 Rxd4 35. Rb7 Rd2 36. Rb2 Rd1+ 0-1


[Site "https://www.chess.com"]

[Event "Titled Tuesday Blitz February 21 Late 2023"]
[White "Quispe Arteaga, Gabriel"]
[Black "Klenburg, Michael"]
[WhiteFideId "32059809"]
[BlackFideId "14102072"]
[WhiteElo "2381"]
[BlackElo "2325"]
[Result "1/2-1/2"]
[Round "06"]
[TimeControl "180+2"]
[Date "2023.02.21"]
[WhiteClock "0:00:02"]
[BlackClock "0:00:04"]

1. c4 d6 2. d4 Nf6 3. Nc3 Nbd7 4. g3 g6 5. Bg2 Bg7 6. Nf3 O-O 7. d5 Nb6 8. Nd2 Bd7 9. O-O c6 10. dxc6 Bxc6 11. e4 Nbd7 12. Nb3 Nc5 13. Nxc5 dxc5 14. e5 Qxd1 15. Rxd1 Ng4 16. Bxc6 bxc6 17. f4 f6 18. h3 Nh6 19. exf6 Bxf6 20. Ne4 Bd4+ 21. Kg2 Rab8 22. Rb1 Nf5 23. b3 a5 24. Rd3 a4 25. g4 Ng7 26. Ng5 e5 27. Rf3 Rbe8 28. fxe5 Bxe5 29. Rxf8+ Rxf8 30. Nf3 Bd6 31. bxa4 Ne6 32. a5 Ra8 33. Bd2 Nd4 34. Nxd4 cxd4 35. Kf3 c5 36. Ke4 Bf8 37. Rb7 Re8+ 38. Kd3 Ra8 39. Kc2 Ra6 40. Kb3 Re6 41. Rb6 Re2 42. a6 Rxd2 43. a7 Rd3+ 44. Kb2 Rd2+ 45. Kc1 Rxa2 46. Rb7 Ra4 47. Kd2 Ra3 48. h4 h6 49. g5 h5 50. Rd7 Ra5 51. Kd3 Ra3+ 52. Ke4 Ra4 53. Kd5 d3 54. Kc6 Ra3 55. Kb7 Rb3+ 56. Kc8 Ra3 57. Kb8 Rb3+ 58. Ka8 Ra3 59. Kb7 Rb3+ 60. Kc8 Ra3 61. Kb7 1/2-1/2


[Site "https://www.chess.com"]

[Event "Titled Tuesday Blitz February 21 Late 2023"]
[White "Bilych, Olexiy"]
[Black "Sztokbant, Bernardo Vainzoff"]
[WhiteFideId "14156504"]
[BlackFideId "2115956"]
[WhiteElo "2441"]
[BlackElo "2213"]
[Result "0-1"]
[Round "06"]
[TimeControl "180+2"]
[Date "2023.02.21"]
[WhiteClock "0:00:20"]
[BlackClock "0:00:11"]

1. d4 d5 2. c4 dxc4 3. e4 e5 4. Nf3 Nf6 5. Nc3 exd4 6. Qxd4 Qxd4 7. Nxd4 Bc5 8. Ndb5 Na6 9. Bxc4 c6 10. Na3 b5 11. Naxb5 cxb5 12. Bxb5+ Ke7 13. Bg5 h6 14. Nd5+ Kf8 15. Nxf6 hxg5 16. O-O-O gxf6 17. Rd8+ Kg7 18. Rhd1 Nc7 19. Bc6 Rb8 20. Rxh8 Kxh8 21. Rd8+ Kg7 22. f3 Be3+ 23. Kb1 Rb6 24. Ba4 Be6 25. b3 Nb5 26. Kc2 Bg1 27. h3 Bh2 28. Ra8 Be5 29. Kd3 Rd6+ 30. Kc2 Nc3 31. Be8 Nxa2 32. Rxa7 Nb4+ 33. Kc1 Bxb3 34. Rb7 Rd1# 0-1


[Site "https://www.chess.com"]

[Event "Titled Tuesday Blitz February 21 Late 2023"]
[White "Krallis, Christos"]
[Black "Maksimovic, Bojan"]
[WhiteFideId "4298896"]
[BlackFideId "14408120"]
[WhiteElo "2344"]
[BlackElo "2486"]
[Result "0-1"]
[Round "06"]
[TimeControl "180+2"]
[Date "2023.02.21"]
[WhiteClock "0:00:07"]
[BlackClock "0:00:07"]

1. e4 c5 2. Nf3 Nc6 3. Bb5 e6 4. c3 Nf6 5. e5 Nd5 6. O-O d6 7. d4 cxd4 8. cxd4 dxe5 9. Nxe5 Bd7 10. Nxd7 Qxd7 11. Nc3 Be7 12. Be3 O-O 13. Rc1 Rac8 14. Qf3 Rfd8 15. Rfd1 a6 16. Bxc6 Rxc6 17. Nxd5 exd5 18. Rxc6 bxc6 19. Rc1 Bd6 20. Qe2 Qb7 21. Qc2 Rc8 22. b3 g6 23. Re1 Kg7 24. Qd2 h5 25. Bh6+ Kh7 26. Qe3 Qc7 27. g3 Qd7 28. Bf4 Bb4 29. Re2 Bf8 30. Be5 Bh6 31. Qf3 Bg7 32. Bxg7 Kxg7 33. Qd3 Qb7 34. Kg2 a5 35. h4 Qb4 36. Qa6 Rf8 37. Qa7 a4 38. bxa4 Qc4 39. Re3 Qxa2 40. a5 Qc4 41. a6 c5 42. Qxc5 Qxa6 43. Qxd5 Qf6 44. Rf3 Qe7 45. Qc4 Rd8 46. d5 Qe5 47. Rd3 Rd7 48. Qc6 Qe4+ 49. f3 Qe2+ 50. Kh3 Qf1+ 51. Kh2 Qf2+ 52. Kh3 Qf1+ 53. Kh2 Re7 54. Qc3+ Kh7 55. Rd2 Re1 56. g4 hxg4 57. fxg4 Qf4+ 58. Kg2 Qxg4+ 59. Kf2 Qxh4+ 60. Qg3 Rf1+ 61. Kxf1 Qxg3 62. d6 Qh3+ 63. Ke1 Qd7 64. Ke2 Kg7 65. Ke3 Kf6 66. Rf2+ Ke6 67. Rxf7 Kxf7 0-1


[Site "https://www.chess.com"]

[Event "Titled Tuesday Blitz February 21 Late 2023"]
[White "Ibadov, Dashgyn"]
[Black "Golubka, Petro"]
[WhiteFideId "24107514"]
[BlackFideId "14114224"]
[WhiteElo "2391"]
[BlackElo "2371"]
[Result "0-1"]
[Round "06"]
[TimeControl "180+2"]
[Date "2023.02.21"]
[WhiteClock "0:00:04"]
[BlackClock "0:01:02"]

1. e4 c5 2. Nf3 Nc6 3. Bb5 Na5 4. Nc3 a6 5. Be2 e6 6. d4 cxd4 7. Nxd4 b5 8. a3 Bb7 9. O-O Rc8 10. Be3 h5 11. f4 Nf6 12. e5 Ng4 13. Bxg4 Nc4 14. Bf2 hxg4 15. Qxg4 Nxb2 16. Nce2 Nc4 17. f5 Nxe5 18. Qg3 Nc4 19. fxe6 dxe6 20. Nxe6 fxe6 21. Qg6+ Kd7 22. Rad1+ Bd6 23. Bg3 Bd5 24. Qxg7+ Kc6 25. Nd4+ Kb6 26. Bf2 Bxh2+ 27. Kh1 Be5+ 28. Kg1 Bxg7 29. Nxe6+ Kb7 30. Nxd8+ Rcxd8 0-1


[Site "https://www.chess.com"]

[Event "Titled Tuesday Blitz February 21 Late 2023"]
[White "Bilan, Danila"]
[Black "Hambleton, Aman"]
[WhiteFideId "24161918"]
[BlackFideId "2606577"]
[WhiteElo "2303"]
[BlackElo "2420"]
[Result "0-1"]
[Round "06"]
[TimeControl "180+2"]
[Date "2023.02.21"]
[WhiteClock "0:00:04"]
[BlackClock "0:00:04"]

1. d4 e5 2. d5 Bc5 3. e3 d6 4. Nc3 Nf6 5. g3 O-O 6. Bg2 a6 7. a4 Re8 8. Nge2 e4 9. h3 h5 10. Nf4 g6 11. a5 Bf5 12. Na4 Bb4+ 13. c3 Bxa5 14. b4 Bb6 15. Nxb6 cxb6 16. c4 Nbd7 17. Bb2 Ne5 18. Qd4 Rc8 19. Rc1 g5 20. Nxh5 Nxh5 21. g4 Nd3+ 22. Kd2 Nxb2 23. Qxb2 Ng7 24. gxf5 Re5 25. h4 gxh4 26. Bh3 Qf6 27. Qd4 b5 28. cxb5 Rce8 29. bxa6 bxa6 30. Rhg1 Kh7 31. Rg2 Nxf5 32. Bxf5+ Rxf5 33. Qxf6 Rxf6 34. Rh1 Rh6 35. Rg4 Re5 36. Rgxh4 Rxh4 37. Rxh4+ Kg6 38. Kc3 Kg5 39. Rf4 f5 40. Kc4 Re8 41. Kd4 Rb8 42. Kc4 Rc8+ 43. Kd4 Rc1 44. f3 Rf1 45. fxe4 Rxf4 46. exf4+ Kxf4 47. e5 dxe5+ 48. Kc3 Kg5 49. d6 Kf6 50. Kc4 Ke6 51. Kc5 Kd7 52. Kd5 e4 53. Ke5 e3 54. b5 axb5 0-1


[Site "https://www.chess.com"]

[Event "Titled Tuesday Blitz February 21 Late 2023"]
[White "Remolar Gallen, Jose"]
[Black "Salimova, Nurgyul"]
[WhiteFideId "2215187"]
[BlackFideId "2915138"]
[WhiteElo "2285"]
[BlackElo "2391"]
[Result "0-1"]
[Round "06"]
[TimeControl "180+2"]
[Date "2023.02.21"]
[WhiteClock "0:00:18"]
[BlackClock "0:00:51"]

1. e4 e5 2. Nf3 Nc6 3. Bb5 a6 4. Ba4 g6 5. O-O Bg7 6. c3 d6 7. h3 Bd7 8. d4 Nf6 9. Re1 O-O 10. Bg5 h6 11. Bh4 Qe8 12. Bc2 Nh5 13. d5 Ne7 14. Bxe7 Qxe7 15. Nbd2 Nf4 16. Nf1 h5 17. h4 Bg4 18. N1h2 f5 19. Qd2 Bh6 20. Ng5 Bxg5 21. hxg5 Qxg5 22. Qe3 Bh3 23. g3 fxe4 24. Bxe4 Bf5 25. Nf3 Qg4 26. Nh2 Nh3+ 27. Kf1 Qxe4 0-1


[Site "https://www.chess.com"]

[Event "Titled Tuesday Blitz February 21 Late 2023"]
[White "Nygren, Kim"]
[Black "Msellek, Ilyass"]
[WhiteFideId "1706136"]
[BlackFideId "675938"]
[WhiteElo "2183"]
[BlackElo "2420"]
[Result "0-1"]
[Round "06"]
[TimeControl "180+2"]
[Date "2023.02.21"]
[WhiteClock "0:00:14"]
[BlackClock "0:00:26"]

1. d4 d5 2. Bf4 c6 3. e3 Bf5 4. Nc3 Nd7 5. h3 e6 6. Nf3 Bb4 7. Bd3 Qa5 8. O-O Bxd3 9. Qxd3 Ngf6 10. Ne2 Ne4 11. c3 Bd6 12. Nd2 Nxd2 13. Qxd2 Bxf4 14. Nxf4 O-O 15. Nd3 Qc7 16. f4 Nf6 17. f5 Ne4 18. Qc2 exf5 19. Rxf5 Rae8 20. Re1 Qg3 21. Rf3 Qg5 22. Nf4 Re7 23. Kh2 Rfe8 24. Ref1 Nd6 25. Rg3 Qh6 26. Rff3 Rxe3 27. Nh5 Rxf3 28. Rxg7+ Kh8 29. gxf3 Qxh5 30. Rg4 Qf5 31. Qd2 Qf6 32. Rf4 Re2+ 33. Qxe2 Qxf4+ 34. Kg2 Nf5 35. Qe8+ Kg7 36. Qd7 Qg3+ 37. Kh1 Qxh3+ 38. Kg1 Qg3+ 39. Kf1 Qxf3+ 40. Ke1 Qg3+ 41. Kd1 Qg4+ 42. Kc1 h5 43. Qxb7 h4 44. Qxc6 h3 45. Qxd5 Qg1+ 46. Kc2 Qg2+ 47. Qxg2+ hxg2 0-1


[Site "https://www.chess.com"]

[Event "Titled Tuesday Blitz February 21 Late 2023"]
[White "Sadovsky, Artem"]
[Black "Trost, Edvin"]
[WhiteFideId "4155840"]
[BlackFideId "1729519"]
[WhiteElo "2276"]
[BlackElo "2399"]
[Result "1/2-1/2"]
[Round "06"]
[TimeControl "180+2"]
[Date "2023.02.21"]
[WhiteClock "0:01:03"]
[BlackClock "0:00:15"]

1. Nf3 d5 2. e3 Nf6 3. c4 dxc4 4. Bxc4 e6 5. O-O c5 6. b3 Be7 7. Bb2 O-O 8. d4 a6 9. a4 Nc6 10. Ne5 Bd7 11. Nxd7 Qxd7 12. dxc5 Qxd1 13. Rxd1 Bxc5 14. Nd2 Rfd8 15. Bxf6 gxf6 16. Ne4 Be7 17. Be2 Rac8 18. Rxd8+ Rxd8 19. Rd1 Rxd1+ 20. Bxd1 f5 21. Nd2 Kg7 22. Bf3 Na5 23. Nc4 Nxb3 24. Bxb7 a5 25. Bc6 Bb4 26. f3 Kf6 27. Kf2 Nc5 28. Ke2 h5 29. h4 Nb3 30. Kd1 Kg7 31. f4 Nc5 32. Kc2 Kf6 33. Bf3 Nxa4 34. Bxh5 Kg7 35. Ne5 f6 36. Nc6 Nc5 37. Nxb4 axb4 38. Bf3 Kg6 39. g4 fxg4 40. Bxg4 Kf7 41. h5 Kg7 42. Bf3 Kh6 43. Bg4 Kg7 44. Bf3 Kf7 45. Bg4 e5 46. fxe5 fxe5 47. Bf5 Kf6 48. h6 Kf7 49. h7 Kg7 50. e4 Nb7 51. Kb3 Nd6 52. Kxb4 Nxf5 53. exf5 Kxh7 54. Kc5 Kg7 55. Kd5 Kf7 56. Kxe5 Ke7 57. f6+ Kf7 58. Kf5 Kf8 59. Ke5 Kf7 60. Kf5 Kf8 61. Kf4 Kf7 62. Kg5 Kf8 63. Kg6 Kg8 64. Kh5 Kf7 65. Kg5 Kf8 66. Kg6 Kg8 67. f7+ Kf8 68. Kh7 Kxf7 1/2-1/2


[Site "https://www.chess.com"]

[Event "Titled Tuesday Blitz February 21 Late 2023"]
[White "Toncheva, Nadya"]
[Black "Preotu, Razvan"]
[WhiteFideId "2924056"]
[BlackFideId "2613280"]
[WhiteElo "2295"]
[BlackElo "2475"]
[Result "0-1"]
[Round "06"]
[TimeControl "180+2"]
[Date "2023.02.21"]
[WhiteClock "0:00:03"]
[BlackClock "0:00:04"]

1. e4 c5 2. Nf3 d6 3. d4 cxd4 4. Nxd4 Nf6 5. Nc3 a6 6. Be3 e5 7. Nf3 Be7 8. Bc4 O-O 9. O-O Nc6 10. Qd2 Bg4 11. Ne1 b5 12. Bb3 Na5 13. f3 Nxb3 14. axb3 Be6 15. Nd3 Qc7 16. Nb4 Qb7 17. Rfd1 Rfc8 18. Kh1 a5 19. Nbd5 Nxd5 20. Nxd5 Bxd5 21. exd5 b4 22. Qd3 g6 23. Bd2 Rc5 24. Be3 Rc7 25. Bd2 Rac8 26. c4 bxc3 27. Bxc3 Qxb3 28. Rxa5 Bf6 29. Qd2 Bg5 30. Qe2 h5 31. Rda1 h4 32. Rb5 Qc4 33. Qxc4 Rxc4 34. Kg1 Be3+ 35. Kf1 Bd4 36. Bxd4 Rxd4 37. Ra6 Rc2 38. Ke1 Rxg2 39. Rxd6 Rxh2 40. Rd8+ Kg7 41. Ra8 h3 42. Kf1 0-1


[Site "https://www.chess.com"]

[Event "Titled Tuesday Blitz February 21 Late 2023"]
[White "Bjelobrk, Igor"]
[Black "Postma, Dinant"]
[WhiteFideId "4300726"]
[BlackFideId "1018612"]
[WhiteElo "2403"]
[BlackElo "2131"]
[Result "0-1"]
[Round "06"]
[TimeControl "180+2"]
[Date "2023.02.21"]
[WhiteClock "0:01:07"]
[BlackClock "0:00:28"]

1. d4 d5 2. c4 e6 3. g3 c5 4. cxd5 exd5 5. Nf3 Nc6 6. Bg2 Nf6 7. O-O Be7 8. Nc3 O-O 9. Bg5 cxd4 10. Nxd4 h6 11. Be3 Re8 12. Qa4 Bd7 13. Rad1 Ne5 14. Qb3 Bc6 15. Nf5 Bf8 16. Nxd5 Nxd5 17. Bxd5 Qf6 18. Bxc6 bxc6 19. Nd4 c5 20. Nc2 Rab8 21. Qc3 Rxb2 22. Kg2 Qc6+ 23. f3 Rxa2 24. Bf2 Qa4 25. Rd2 Nc4 26. Rfd1 Nxd2 27. Rxd2 a5 28. e4 Rb8 29. h4 Rbb2 0-1


[Site "https://www.chess.com"]

[Event "Titled Tuesday Blitz February 21 Late 2023"]
[White "Jaracz, Pawel"]
[Black "Golubev, Mikhail"]
[WhiteFideId "1102222"]
[BlackFideId "14100983"]
[WhiteElo "2467"]
[BlackElo "2461"]
[Result "1-0"]
[Round "06"]
[TimeControl "180+2"]
[Date "2023.02.21"]
[WhiteClock "0:00:35"]
[BlackClock "0:00:06"]

1. d4 Nf6 2. c4 g6 3. g3 Bg7 4. Bg2 O-O 5. Nc3 d6 6. Nf3 Nbd7 7. O-O e5 8. e4 Re8 9. h3 b6 10. Be3 exd4 11. Nxd4 Bb7 12. Qc2 Nc5 13. f3 a5 14. Rad1 Nh5 15. Bf2 Be5 16. f4 Bg7 17. Rfe1 Nf6 18. e5 dxe5 19. Nf5 Qc8 20. Nxg7 Kxg7 21. fxe5 Nfd7 22. Nd5 Ne6 23. Qc3 c6 24. Nf6 Nxf6 25. exf6+ Kg8 26. Qd2 c5 27. Qh6 Qc7 28. Bd5 Rad8 29. Re4 g5 30. Rg4 Qe5 31. Re1 Rxd5 32. cxd5 Qxg3+ 33. Rxg3 1-0


[Site "https://www.chess.com"]

[Event "Titled Tuesday Blitz February 21 Late 2023"]
[White "Fus, Jakub"]
[Black "Przybylski, Wojciech"]
[WhiteFideId "1193023"]
[BlackFideId "1117599"]
[WhiteElo "2417"]
[BlackElo "2321"]
[Result "1-0"]
[Round "06"]
[TimeControl "180+2"]
[Date "2023.02.21"]
[WhiteClock "0:00:22"]
[BlackClock "0:00:02"]

1. e4 e5 2. Nf3 Nc6 3. Bb5 Nf6 4. O-O Nxe4 5. d4 Nd6 6. dxe5 Nxb5 7. a4 Nbd4 8. Nxd4 d5 9. exd6 Bxd6 10. Nxc6 bxc6 11. Nc3 O-O 12. Qf3 Rb8 13. b3 c5 14. Bf4 Qf6 15. Nd5 Qf5 16. Bxd6 Qxf3 17. gxf3 cxd6 18. Rad1 Re8 19. Ne3 Re6 20. Nc4 Rg6+ 21. Kh1 Bb7 22. Rd3 Rd8 23. Rg1 Rf6 24. Rg3 h5 25. Kg2 g6 26. Rg5 Kg7 27. Kg3 Re6 28. Rxc5 h4+ 29. Kg2 dxc5 30. Rxd8 Rf6 31. Rd3 g5 32. h3 Ba6 33. Rc3 Rf5 34. Nd2 Bb7 35. Ne4 Bxe4 36. fxe4 Re5 37. Kf3 f5 38. exf5 Rxf5+ 39. Kg4 Kg6 40. Rc4 Rxf2 41. b4 Rg2+ 42. Kf3 Rg3+ 43. Kf2 cxb4 44. Rc6+ Kh5 45. Ra6 Rxh3 46. Rxa7 Rc3 47. Rh7+ Kg4 48. Rb7 Rxc2+ 49. Ke3 h3 50. Rxb4+ Kg3 51. Rb5 Rb2 52. Rxb2 h2 53. Rb1 Kh3 54. Kf2 g4 55. Rb3+ Kh4 56. Kg2 1-0


[Site "https://www.chess.com"]

[Event "Titled Tuesday Blitz February 21 Late 2023"]
[White "Perske, Thore"]
[Black "Mikhalsky, Vladimir"]
[WhiteFideId "12902195"]
[BlackFideId "14144352"]
[WhiteElo "2448"]
[BlackElo "2219"]
[Result "1-0"]
[Round "06"]
[TimeControl "180+2"]
[Date "2023.02.21"]
[WhiteClock "0:00:07"]
[BlackClock "0:00:10"]

1. e4 g6 2. Nf3 Bg7 3. g3 c5 4. Bg2 Nc6 5. O-O d6 6. d3 e5 7. Nc3 Nge7 8. a4 O-O 9. Nd2 h6 10. Nc4 Be6 11. Nd5 f5 12. f4 Nb4 13. Nxb4 cxb4 14. fxe5 dxe5 15. exf5 Bxc4 16. dxc4 Qb6+ 17. Kh1 Nxf5 18. Qd5+ Kh7 19. a5 Qc7 20. a6 bxa6 21. Rxa6 Rad8 22. Qc6 Qxc6 23. Rxc6 Nxg3+ 24. hxg3 Rxf1+ 25. Bxf1 Rd1 26. Kg2 Rxc1 27. Bd3 e4 28. Bxe4 Bxb2 29. Rxg6 Re1 30. Bd3 Bc3 31. c5 Re5 32. c6 Rc5 33. Rg5+ Kh8 34. Rxc5 1-0


[Site "https://www.chess.com"]

[Event "Titled Tuesday Blitz February 21 Late 2023"]
[White "Bon, Michael"]
[Black "Aydincelebi, Kagan"]
[WhiteFideId "620696"]
[BlackFideId "6361102"]
[WhiteElo "2394"]
[BlackElo "2280"]
[Result "0-1"]
[Round "06"]
[TimeControl "180+2"]
[Date "2023.02.21"]
[WhiteClock "0:00:10"]
[BlackClock "0:00:16"]

1. e4 c5 2. Nf3 Nc6 3. d4 cxd4 4. Nxd4 Nf6 5. Nc3 d6 6. Bg5 Bd7 7. Be2 Rc8 8. Bxf6 gxf6 9. Nf5 Qb6 10. O-O Qxb2 11. Nd5 Qa3 12. Rb1 Rg8 13. Rb3 Qa5 14. Nxd6+ exd6 15. Nxf6+ Kd8 16. Nxg8 Qg5 17. Rxb7 Qxg8 18. Rxd7+ Kxd7 19. Bg4+ Kc7 20. Bxc8 Kxc8 21. Qd5 Kc7 22. Rb1 Qg4 23. Qxf7+ Be7 24. f3 Qg5 25. Qb3 Qc5+ 26. Kh1 Kd7 27. Qb7+ Ke6 28. Qc8+ Ke5 29. Qf5+ Kd4 30. c3+ Ke3 31. Qxh7 Bg5 32. Qg8 Ke2 33. c4 Ne5 34. Qd5 Bd2 35. Qxc5 dxc5 36. Rb5 Be3 37. f4 Nxc4 38. f5 Nd6 39. Ra5 Nxe4 40. Rxa7 c4 41. g4 Bxa7 0-1


[Site "https://www.chess.com"]

[Event "Titled Tuesday Blitz February 21 Late 2023"]
[White "ArchibaldCerveza29"]
[Black "Ozer, Omer Faruk"]
[BlackFideId "6354564"]
[WhiteElo "2503"]
[BlackElo "2360"]
[Result "1-0"]
[Round "06"]
[TimeControl "180+2"]
[Date "2023.02.21"]
[WhiteClock "0:00:06"]
[BlackClock "0:00:11"]

1. e4 e5 2. Nf3 Nf6 3. Bc4 Nxe4 4. Nc3 Nf6 5. Nxe5 d5 6. Bb3 c6 7. O-O Be7 8. d4 O-O 9. Ne2 Bf5 10. Ng3 Bg6 11. Re1 Nbd7 12. Bg5 Nxe5 13. Rxe5 Bd6 14. Re3 h6 15. Bh4 Bf4 16. Re1 Qd6 17. c3 Rae8 18. Nf1 Rxe1 19. Qxe1 Re8 20. Qd1 Bh5 21. Qd3 Be2 22. Qf5 Bxf1 23. Rxf1 Bxh2+ 24. Kh1 g5 25. Bxg5 hxg5 26. Qxg5+ Kf8 27. Qh6+ Kg8 28. Qxh2 Qxh2+ 29. Kxh2 Re2 30. c4 dxc4 31. Bxc4 Rxb2 32. Bb3 Rd2 33. Re1 Rxd4 34. Re7 Rd7 35. Bxf7+ Kg7 36. Rxd7 Nxd7 37. Bb3 b5 38. f4 a5 39. g4 a4 40. Bc2 Nc5 41. Kg3 b4 42. f5 b3 43. axb3 axb3 44. Bb1 Na4 45. Kf4 Nc3 46. Bd3 Nd5+ 47. Ke5 Nb4 48. Be4 c5 49. f6+ Kf8 50. g5 c4 51. Kd4 b2 52. Kxc4 Nc6 53. Kd5 Nb8 54. Kd6 Kf7 55. Ke5 Nd7+ 56. Kf5 Nc5 57. g6+ Kf8 58. g7+ Kg8 59. Bd5+ 1-0


[Site "https://www.chess.com"]

[Event "Titled Tuesday Blitz February 21 Late 2023"]
[White "Zochowski, Kacper"]
[Black "Gascon Del Nogal, Jose Rafael"]
[WhiteFideId "1125494"]
[BlackFideId "3902463"]
[WhiteElo "2262"]
[BlackElo "2459"]
[Result "1-0"]
[Round "06"]
[TimeControl "180+2"]
[Date "2023.02.21"]
[WhiteClock "0:01:53"]
[BlackClock "0:00:29"]

1. Nf3 d5 2. c4 e6 3. g3 Nf6 4. Bg2 Bd6 5. O-O O-O 6. b3 dxc4 7. bxc4 e5 8. Bb2 Re8 9. Nc3 c6 10. d3 Na6 11. Ng5 Nc5 12. Nge4 Nfxe4 13. Nxe4 Nxe4 14. Bxe4 Bh3 15. Bg2 Qd7 16. Rb1 Re7 17. Qc1 Qg4 18. Ba3 Rd8 19. Bxd6 Rxd6 20. Qa3 Red7 21. Rxb7 h5 22. Qxa7 h4 23. Rb8+ Kh7 24. Bxh3 Qxh3 25. Qa8 e4 26. Rh8+ Kg6 27. Rxh4 1-0


[Site "https://www.chess.com"]

[Event "Titled Tuesday Blitz February 21 Late 2023"]
[White "Mustafayev, Farid"]
[Black "Hernandez Sanchez, Elvis De La Caridad"]
[WhiteFideId "13408771"]
[BlackFideId "6400353"]
[WhiteElo "2316"]
[BlackElo "2243"]
[Result "0-1"]
[Round "06"]
[TimeControl "180+2"]
[Date "2023.02.21"]
[WhiteClock "0:01:31"]
[BlackClock "0:00:23"]

1. c4 Nf6 2. Nc3 g6 3. Nf3 Bg7 4. g3 O-O 5. Bg2 c5 6. O-O Nc6 7. b3 d5 8. Bb2 d4 9. Na4 Nd7 10. e3 e5 11. exd4 exd4 12. Ba3 Qa5 13. d3 Nb6 14. Nxb6 axb6 15. Bc1 Qc3 16. Bf4 Nb4 17. Bd6 Re8 18. Re1 Bf5 19. Rxe8+ Rxe8 20. Nh4 Bxd3 21. a3 Be2 22. Qc1 d3 23. Bf4 Qxa1 0-1


[Site "https://www.chess.com"]

[Event "Titled Tuesday Blitz February 21 Late 2023"]
[White "Koutlas, Nikolaos"]
[Black "Kanakaris, Georgios"]
[WhiteFideId "25827138"]
[BlackFideId "4209460"]
[WhiteElo "2341"]
[BlackElo "2391"]
[Result "0-1"]
[Round "06"]
[TimeControl "180+2"]
[Date "2023.02.21"]
[WhiteClock "0:00:03"]
[BlackClock "0:00:17"]

1. e4 e6 2. d4 d5 3. Nd2 c5 4. Ngf3 Nc6 5. exd5 exd5 6. c3 cxd4 7. Nxd4 Nxd4 8. cxd4 Bd6 9. Bd3 Nf6 10. Nf3 O-O 11. Bg5 Re8+ 12. Kf1 h6 13. Bh4 Bf4 14. Ne5 Bxe5 15. dxe5 Rxe5 16. Qf3 g5 17. Bg3 Bg4 18. Bxe5 Bxf3 19. gxf3 Qb6 20. h4 Re8 21. Re1 Nd7 22. Bc3 Rxe1+ 23. Kxe1 d4 24. Bd2 Qxb2 25. Ke2 Ne5 26. hxg5 Nxf3 27. Rd1 Nxd2 28. Rxd2 Qb6 29. gxh6 Qxh6 30. Rc2 Qe6+ 31. Kd2 Qe5 32. Rc8+ Kg7 33. Rc4 Qa5+ 34. Kd1 Qxa2 35. Rc2 Qa1+ 36. Ke2 a5 37. Rc7 Qa2+ 38. Kf3 Qd5+ 39. Be4 Qh5+ 40. Kg3 Qe5+ 0-1


[Site "https://www.chess.com"]

[Event "Titled Tuesday Blitz February 21 Late 2023"]
[White "Zhurbinsky, David"]
[Black "Dzida, Kamil"]
[WhiteFideId "2072904"]
[BlackFideId "21828652"]
[WhiteElo "2045"]
[BlackElo "2352"]
[Result "1-0"]
[Round "06"]
[TimeControl "180+2"]
[Date "2023.02.21"]
[WhiteClock "0:00:03"]
[BlackClock "0:00:03"]

1. e4 c5 2. Nf3 d6 3. d4 cxd4 4. Nxd4 Nf6 5. f3 a6 6. c4 e5 7. Nc2 Be6 8. Nc3 Nbd7 9. Be3 Rc8 10. b3 g6 11. Be2 Nh5 12. Qd2 f5 13. exf5 gxf5 14. O-O f4 15. Bf2 Nhf6 16. Nb4 Be7 17. Nbd5 O-O 18. Rfd1 Nxd5 19. Nxd5 Bh4 20. Bxh4 Qxh4 21. Bf1 Kh8 22. Nc3 Rf6 23. Qf2 Qh5 24. Rxd6 Rh6 25. h3 Rg8 26. Kh2 Rgg6 27. Rxe6 Rxe6 28. Ne4 Nf6 29. Nxf6 Rexf6 30. Rd1 Rd6 31. Qc5 Qg6 32. Qc8+ Kg7 33. Qc7+ Qf7 34. Qxd6 Rxd6 35. Rxd6 Qe7 36. c5 Qg5 37. Rd7+ Kf6 38. Rxb7 Qg3+ 39. Kg1 e4 40. fxe4 f3 41. c6 1-0


[Site "https://www.chess.com"]